← All builds
Geo / Armada / Economy first / OBSERVED BUILD

Standard geo

Armada Geo build order · Supreme Isthmus

Standard Geo economy play: geothermal into advanced metal extractor and advanced geothermal, blows up the commander for T2, then transitions into Starlight and T2 constructors to supply the front and allies.

Usually blows up the commander for T2 (67%)

#eco #t2 #team support · 762 distinct matches · 111 players · 59% of Armada Geo games · team won 54% of 857 · Recently observed

HOW TO PLAY IT

Key timing: Geothermal Powerplant by 3:26

  1. Open mex and wind into Bot Lab.
  2. Rush geothermal for the early energy spike.
  3. Add Advanced Metal Extractor, then Advanced Geothermal by 7:07.
  4. Bring up Vehicle Plant alongside T2 con for "Starlight" and vehicles.
  5. Funnel "Starlight" and T1 vehicles to front, pay allies with cons and "Lazarus".

Phase by phase

TYPICAL OF ITS 762 GAMES
  1. 1
  2. 2
  3. 3
  4. 4
PLAY THE OPENING

Follow the example game's first 6:00 step by step: what to build now, what comes next, and where it goes. At 1× it keeps pace with your own game.

  1. 1

    Up to the Bot Lab

    Economy
    • Metal Extractor2Mex
    • Wind Turbine4Wind
    Order
    1. Bot LabBot Lab after 2 mex, 4 winddone ~1:12, middle half 0:58–1:22

    By 0:55 in all: 2 mex · 4 wind

    The example game in this phase · 5 steps
    1. Mex ×4
    2. Wind ×3
    3. Energy storage
    4. Converter
    5. Bot LabBot Labdone 2:06 · typical 1:12
  2. 2

    Bot Lab to 5:00

    Economy
    • Metal Extractor2Mex
    • Wind Turbine3Wind
    • Energy Converter8Converter
    • Energy Storage1Energy storage
    Order
    1. Geothermal PowerplantGeo after 4 mex, 5 wind, 1 energy storage
    Builders
    • Construction Turret5 Con turret
    • Lazarus4 Lazarus
    • Construction Bot2 Con bot
    • Construction Bot1 Con bot for allies
    • Lazarus1 Lazarus for allies

    By 5:00 in all: 4 mex · 7 wind · 1 geo · 8 converter · 1 energy storage · 5 con turret

    The example game in this phase · 26 steps
    1. LazarusLazarus
    2. Construction BotCon bot
    3. Construction BotCon botfor Beach sea
    4. Construction BotCon bot
    5. Con turret
    6. LazarusLazarus ×2
    7. Con turret
    8. Wind ×3
    9. LazarusLazarus
    10. Geothermal PowerplantGeodone 3:45 · typical 3:26
    11. Wind
    12. Converter
    13. Wind
    14. Converter ×2
    15. Wind
    16. Converter ×2
    17. Wind
    18. Converter ×2
    19. Wind ×2
    20. Converter
    21. Wind
    22. Converter
    23. Con turret
    24. Wind
    25. Converter
    26. Advanced Metal ExtractorT2 mexdone 5:23 · typical 5:34
  3. 3

    5:00 to Vehicle Plant

    Order
    1. Advanced Geothermal PowerplantAdvanced Geothermal Powerplant after 8 wind, 10 converter, 6 con turretin 59% of games
    2. Vehicle PlantVehicle Plant after 10 wind, 10 converter, 6 con turretdone ~7:07, middle half 6:41–7:40
    Builders
    • Construction Turret1 Con turret

    Some games also: converter (49%) · wind (47%)

    By 7:00 in all: 4 mex · 10 wind · 1 geo · 1 Advanced Geothermal Powerplant · 10 converter · 1 energy storage

    The example game in this phase · 7 steps
    1. Windfor Air
    2. Advanced Metal ExtractorT2 mex
    3. Windfor Air
    4. Wind
    5. PrudePrudedone 6:37
    6. Advanced Metal ExtractorT2 mex ×2
    7. Vehicle PlantVehicle Plantdone 7:00 · typical 7:07
  4. 4

    Vehicle Plant to 10:00

    Economy
    • Wind Turbine5Wind
    • Energy Converter3Converter
    Order
    1. Advanced Vehicle PlantAdvanced Vehicle Plant after 11 wind, 11 converter, 7 con turret
    Builders
    • Construction Vehicle1 Con vehicle
    Army
    • Starlight2 Starlight
    • Umbra1 Jammer
    • Prophet1 Radar vehicle

    Some games also: con turret (49%) · T2 con vehicle for allies (48%) · Jaguar (31%)

    By 10:00 in all: 4 mex · 20 wind · 1 geo · 1 Advanced Geothermal Powerplant · 16 converter · 1 energy storage

    The example game in this phase · 172 steps
    1. Construction VehicleCon vehicle
    2. Con turret
    3. BeaverBeaver
    4. Radar TowerRadar Tower
    5. Con turret
    6. SentrySentry
    7. BeaverBeaver
    8. SentrySentry
    9. Con turret
    10. BeaverBeaver
    11. SentrySentry
    12. BeaverBeaver
    13. GroundhogGroundhog
    14. SentrySentry ×2
    15. Advanced Vehicle PlantAdvanced Vehicle Plantdone 8:29 · typical 8:07
    16. Converter ×2
    17. SentrySentry
    18. Naval Construction Turret
    19. StarlightStarlightdone 8:50 · typical 9:03
    20. Converter
    21. SentrySentry
    22. Converter
    23. Tidal
    24. Converter
    25. Tidal
    26. Converter
    27. GremlinStealth tank
    28. Converter
    29. ProphetRadar vehicle
    30. Wind
    31. Converter ×2
    32. UmbraJammer
    33. Tidal
    34. Radar TowerRadar Tower
    35. Tidal
    36. Wind
    37. Tidal ×2
    38. Converter ×2
    39. JaguarJaguar
    40. Converter
    41. Wind
    42. Tidal
    43. JaguarJaguar
    44. Converter
    45. Wind
    46. Tidal
    47. JaguarJaguar
    48. Wind
    49. Tidal ×3
    50. Converter
    51. JaguarJaguar
    52. Wind
    53. Tidal
    54. Converter
    55. Tidal
    56. Converter
    57. JaguarJaguar
    58. Tidal
    59. Wind
    60. Converter
    61. Tidal ×2
    62. StarlightStarlight
    63. Wind
    64. Converter
    65. Tidal
    66. Wind
    67. Tidal
    68. Wind
    69. Tidal ×4
    70. Wind
    71. Tidal ×2
    72. Advanced Construction VehicleT2 con vehiclefor Suicide front
    73. Wind
    74. Tidal
    75. Wind
    76. Tidal ×2
    77. Wind
    78. JaguarJaguar
    79. Tidal ×2
    80. JaguarJaguar
    81. Tidal
    82. Wind
    83. JaguarJaguar
    84. Tidal
    85. Wind ×2
    86. JaguarJaguar
    87. Wind
    88. Tidal ×2
    89. JaguarJaguar
    90. Wind
    91. Tidal
    92. JaguarJaguar
    93. CastroCastro
    94. Wind
    95. Tidal
    96. JaguarJaguar
    97. Tidal
    98. JaguarJaguar
    99. Tidal
    100. JaguarJaguar
    101. Tidal ×2
    102. JaguarJaguar
    103. Tidal
    104. JaguarJaguar
    105. Tidal
    106. JaguarJaguar
    107. Tidal
    108. JaguarJaguar
    109. Tidal
    110. JaguarJaguar
    111. Converter
    112. JaguarJaguar
    113. Converter
    114. Wind ×2
    115. Converter
    116. Wind
    117. Converter
    118. Wind
    119. ConsulConsul
    120. Converter
    121. Wind
    122. ConsulConsul
    123. Wind
    124. Construction VehicleCon vehicle
    125. Converter
    126. Bot LabBot Labdone 13:39
    127. Wind
    128. Converter
    129. Wind
    130. StarlightStarlight
    131. Converter ×2
    132. Wind
    133. LazarusLazarus
    134. GremlinStealth tank
    135. Wind
    136. LazarusLazarus
    137. Converter
    138. GremlinStealth tank
    139. Converter
    140. Wind
    141. TickTick
    142. GremlinStealth tank
    143. TickTick
    144. Converter
    145. TickTick ×2
    146. GremlinStealth tank
    147. TickTick
    148. Converter
    149. TickTick
    150. GremlinStealth tank
    151. TickTick
    152. Wind
    153. TickTick
    154. Converter
    155. TickTick
    156. GremlinStealth tank
    157. TickTick
    158. Converter
    159. TickTick ×3
    160. Wind
    161. Advanced Construction VehicleT2 con vehicle
    162. TickTick
    163. Con turret
    164. TickTick ×3
    165. Advanced Construction VehicleT2 con vehicle
    166. TickTick
    167. Wind
    168. TickTick ×4
    169. Wind
    170. Metal storage
    171. TickTick ×2
    172. Wind

Counts are medians over the build's games: half of them build more, half fewer. The example game is enderOS1's (37 OS, 08/08/2026); pick another.

Team trades

IN AT LEAST 30% OF ITS GAMES

You hand over

  • Lazarus1 Lazarus to Beach seafirst at 2:16 · in 77% of games
  • Construction Bot1 Con bot to Beach seafirst at 2:30 · in 87% of games
  • Advanced Construction Vehicle1 T2 con vehicle to Suicide front or Frontfirst at 8:52 · in 62% of games

You get

  • Hercules1 Light transport from Airfirst at 4:19 · in 34% of games
  • Advanced Construction Bot1 T2 con bot from Techfirst at 4:48 · in 95% of games

How it plays out

Typical game of this build, running totals by minute

Metal produced

020k40k
0:005:0010:0015:00

metal

Enemy metal destroyed

05k10k15k
0:005:0010:0015:00

metal

Own metal lost

02.5k5k7.5k
0:005:0010:0015:00

metal

857 games.

Show as table
ByMetal produced: This buildEnemy metal destroyed: This buildOwn metal lost: This build
1:0033300
2:0082800
3:00152800
4:00270600
5:00372900
6:00572000
7:00814000
8:0011502021
9:001450952130
10:0017425627320
11:00204052075790
12:002330539821933
13:002611260863295
14:002900184934700
15:0031601103396090
WHAT THE NUMBERS SAY

Standard Geo build dominates the resource numbers, with zero own losses through 10:00 and a huge metal lead by 15:00.

  • + Metal produced hits 31426 by 15:00, highest of all six builds
  • + Own metal lost is 0 by 5:00 and only 334 by 10:00
  • − First Starlight only arrives in 57% of games by 9:19
  • − Advanced geothermal lands in just 69% of games by 7:16
THE EXAMPLE YOU ARE READING

enderOS1

37.0 OS · 08/08/2026

Open source match ↗

4 received units · includes a constructor
639 metal received · 146905 energy received

Allied construction assistance is unknown. Timings are observations, not a promise of solo reproducibility.

Typical milestones

Bot Lab1:12Middle 50%: 0:58–1:22 · n=856
Geothermal Powerplant3:26Middle 50%: 3:10–3:42 · n=854
Advanced Metal Extractor5:34Middle 50%: 5:18–5:56 · n=853
Advanced Geothermal Powerplant7:07Middle 50%: 6:49–7:34 · n=617
Vehicle Plant7:07Middle 50%: 6:41–7:40 · n=816
Advanced Vehicle Plant8:07Middle 50%: 7:41–8:47 · n=777
Starlight9:03Middle 50%: 8:32–9:52 · n=682

Played most by

0neTw086games of this buildzeus_on_god86games of this buildViltrum54games of this buildDamsko44games of this buildXad44games of this build